 Dungeon Crawl Stone Soup version 0.23.2-40-g277498a001 (webtiles) character file.

Game seed: 18171730449449622866

451 ANON1729 the Slasher (level 6, -14/57 HPs)
             Began as a Minotaur Berserker on Oct 19, 2019.
             Was a Priest of Trog.
             Demolished by Marnok's ghost (15 damage)
             ... on level 4 of the Dungeon.
             The game lasted 00:04:11 (3255 turns).

ANON1729 the Slasher (Minotaur Berserker)           Turns: 3255, Time: 00:04:12

Health: -14/57     AC:  3    Str: 28    XL:     6   Next: 75%
Magic:  5/5        EV: 12    Int:  5    God:    Trog [***...]
Gold:   104        SH:  0    Dex:  9    Spells: 5/5 levels left

rFire    . . .     SeeInvis .   s - +0 scimitar
rCold    . . .     Gourm    .   (no shield)
rNeg     . . .     Faith    .   b - +0 animal skin
rPois    .         Spirit   .   (helmet restricted)
rElec    .         Reflect  .   (no cloak)
rCorr    .         Harm     .   i - +0 pair of gloves
MR       .....                  (no boots)
Stlth    +.........             (no amulet)
HPRegen  0.19/turn              o - ring of flight (curse)
MPRegen  0.09/turn              (no ring)

@: mighty, lethally poisoned (-14 -> -15)
A: retaliatory headbutt, horns 2
a: Berserk, Trog's Hand, Renounce Religion, Evoke Flight


You were on level 4 of the Dungeon.
You worshipped Trog.
Trog was most pleased with you.
You were hungry.

You visited 1 branch of the dungeon, and saw 4 of its levels.

You collected 104 gold pieces.

Inventory:

Hand Weapons
 a - a +0 falchion
 s - a +0 scimitar (weapon)
Armour
 b - a +0 animal skin (worn)
 i - a +0 pair of gloves (worn)
Jewellery
 o - a cursed ring of flight (left hand)
Scrolls
 d - 2 scrolls of fog {unknown}
 e - 2 scrolls of remove curse {unknown}
 f - 3 scrolls of magic mapping {unknown}
 h - 3 scrolls of identify {unknown}
 j - 2 scrolls of enchant weapon {unknown}
 l - a scroll of immolation {unknown}
Potions
 g - 2 potions of haste {unknown}
 k - a potion of curing {unknown}
 m - a potion of heal wounds {unknown}
 n - a potion of invisibility {unknown}
 p - 2 potions of agility {unknown}
 q - 2 potions of might
 r - a potion of magic {unknown}
Comestibles
 c - 14 rations


   Skills:
 * Level 5.9 Fighting
 * Level 5.9 Long Blades
 * Level 5.3 Armour
 - Level 3.0 Dodging


You had 5 spell levels left.
You didn't know any spells.
Your spell library was empty.

Dungeon Overview and Level Annotations

Branches:
Dungeon (4/15)             Temple (0/1) D:4

Altars:
Ashenzari
Elyvilon
Gozag
Wu Jian

Shops:
D:4 }[

Annotations:
D:4 Marnok's ghost, amateur MiFi


Innate Abilities, Weirdness & Mutations

You reflexively headbutt those who attack you in melee.
You have a pair of horns on your head.


Message History

You kill the rat!
Trog accepts your kill.
You closely miss Marnok's ghost.
Marnok's ghost is almost destroyed.
Marnok's ghost hits you!
* * * LOW HITPOINT WARNING * * *
The adder bites you.
* * * LOW HITPOINT WARNING * * *
You are poisoned.
The adder poisons you!
You feel sick.
Marnok's ghost wails, "You must not succeed where I failed!"
Marnok's ghost hits you!
* * * LOW HITPOINT WARNING * * *
Things that are here:
a leopard gecko corpse; a bullfrog corpse It was a potion of might.
You feel very mighty all of a sudden. Marnok's ghost hits you!
You die...

#.. #≈≈.≈≈#.#### #..
#≈._.≈#.#... #≈≈≈#..
..#≈≈.≈≈#.#.## #≈(≈#.#
#.#≈≈≈≈≈#.#.# #≈≈≈#.#
#.#######.#.#
#≈≈≈#.###.# #.#.#
#≈r≈#.....#######.#.#
#SrW#.#...........#.##
##l##@#...#.##.####.#.
#...#W#...#.##.# #.#.
#..<.S......##.####.#.
#######..#......<.#.##
#...####.####...
#........# #### #
#...###### #... .##
##..# #.## #..## #..#
#.#.


You could see Marnok's ghost and an adder.

Vanquished Creatures
  A centaur (D:4)
  A bullfrog (D:4)
  A scorpion (D:4)
  An orc priest (D:4)
  A centaur skeleton (D:3)
  2 orc wizards
  5 adders (D:3)
  A worm (D:3)
  4 dart slugs
  2 leopard geckos
  7 orcs
  11 bats
  5 giant cockroaches
  4 goblins
  5 hobgoblins
  12 jackals
  2 quokkas (D:3)
  2 frilled lizards
  6 kobolds
  A quokka skeleton (D:4)
  9 rats
83 creatures vanquished.

Notes
Turn   | Place    | Note
-------+----------+-------------------------------------------
     0 | D:1      | ANON1729 the Minotaur Berserker began the quest for the
                  | Orb.
     0 | D:1      | Reached XP level 1. HP: 19/19 MP: 0/0
   153 | D:1      | Reached XP level 2. HP: 21/27 MP: 1/1
   527 | D:1      | Reached XP level 3. HP: 30/33 MP: 2/2
   995 | D:2      | Found a white marble altar of Elyvilon.
  1011 | D:2      | Reached ** piety under Trog
  1302 | D:2      | Found a white marble altar of Elyvilon.
  1637 | D:3      | Reached XP level 4. HP: 36/41 MP: 3/3
  1786 | D:3      | Found an opulent altar of Gozag.
  2021 | D:3      | Reached XP level 5. HP: 10/47 MP: 4/4
  2027 | D:3      | Found a shattered altar of Ashenzari.
  2261 | D:3      | Reached skill level 5 in Fighting
  2412 | D:4      | Found Qoajed's Gadget Shop.
  2424 | D:4      | Found a staircase to the Ecumenical Temple.
  2424 | D:4      | Noticed a centaur
  2436 | D:4      | Reached skill level 5 in Long Blades
  2445 | D:4      | Killed a centaur
  2445 | D:4      | Reached XP level 6. HP: 10/56 MP: 5/5
  2746 | D:4      | Found Cebymm's Antique Armour Shop.
  2917 | D:4      | Reached skill level 5 in Armour
  2929 | D:4      | Reached *** piety under Trog
  3190 | D:4      | Found an ornate altar of the Wu Jian Council.
  3230 | D:4      | Found a runed translucent door.
  3231 | D:4      | Noticed Marnok's ghost (amateur MiFi)
  3254 | D:4      | HP: 1/57 [Marnok's ghost (11)]
  3255 | D:4      | Demolished by Marnok's ghost

Skill      XL: |  1  2  3  4  5  6 |
---------------+-------------------+-----
Fighting       | 4 5 |  5.9
Long Blades    | 4 5 |  5.9
Armour         | 3 4 5 |  5.3
Dodging        | 3 |  3.0

Action                   |  1- 3 |  4- 6 || total
-------------------------+-------+-------++-------
Melee: Falchion          |    86 |    90 ||   176
       Headbutt          |    12 |    18 ||    30
       Scimitar          |       |     8 ||     8
Invok: Berserk           |       |     1 ||     1
  Use: Potion            |       |     1 ||     1
 Stab: Sleeping          |     2 |       ||     2
  Eat: Chunk             |     2 |     6 ||     8
Armor: Animal skin       |    25 |    25 ||    50
Dodge: Dodged            |    58 |    66 ||   124
       Rpst.: Falchion   |    17 |    20 ||    37
       Scimitar          |       |     4 ||     4
